 Dungeon Crawl Stone Soup version 0.25.1-2-g60ff931df9 (webtiles) character file.

Game seed: 10889363461130675706

7469 dopezilla the Envoy of Void (level 10, 0/79 HPs)
             Began as a Demonspawn Abyssal Knight on Aug 23, 2020.
             Was a High Priest of Lugonu.
             Slain by a spriggan baker
             ... wielding a +0 dagger
              (2 damage)
             ... on level 9 of the Dungeon.
             The game lasted 00:51:38 (12695 turns).

dopezilla the Envoy of Void (DsAK)                 Turns: 12695, Time: 00:51:39

Health: 0/79       AC: 14    Str: 16    XL:     10   Next: 94%
Magic:  19/19      EV:  7    Int: 14    God:    Lugonu [*****.]
Gold:   580        SH:  0    Dex: 18    Spells: 9/9 levels left

rFire    . . .     SeeInvis +   G - +2 war axe
rCold    . . .     Gourm    .   (no shield)
rNeg     . . .     Faith    .   j - +0 chain mail
rPois    .         Spirit   .   v - +0 helmet
rElec    .         Reflect  .   (no cloak)
rCorr    .         Harm     .   (no gloves)
MR       .....                  H - +0 pair of boots
Stlth    ..........             E - amulet of regeneration
HPRegen  0.63/turn              e - +6 ring of dexterity
MPRegen  0.16/turn              n - ring of see invisible (curse)

@: about to teleport, marked, lightly drained
A: talons 1, yellow scales 1, rot immunity
a: Depart the Abyss, Bend Space, Banish, Corrupt, Enter the Abyss, Renounce
Religion


You were on level 9 of the Dungeon.
You worshipped Lugonu.
Lugonu was extremely pleased with you.
You were not hungry.

You visited 2 branches of the dungeon, and saw 10 of its levels.
You visited the Abyss 1 time.

You collected 580 gold pieces.

Inventory:

Hand Weapons
 G - a +2 war axe (weapon)
 K - a +0 battleaxe
Missiles
 r - 5 boomerangs
 u - 15 poisoned darts (quivered)
 F - 9 javelins
Armour
 a - a cursed +0 ring mail
 j - a +0 chain mail (worn)
 v - a +0 helmet (worn)
 A - a +0 scale mail
 H - a +0 pair of boots (worn)
Jewellery
 e - a +6 ring of dexterity (left hand)
 n - a cursed ring of see invisible (right hand)
 q - an uncursed ring of wizardry
 y - an uncursed ring of ice
 E - an amulet of regeneration (around neck)
 J - a cursed ring of flight {unknown}
Wands
 g - a wand of iceblast (2)
 s - a wand of random effects (14)
 x - a wand of flame (8)
Scrolls
 b - 5 scrolls of amnesia
 f - 2 scrolls of remove curse
 l - a scroll of fear
 m - 4 scrolls of identify
 C - 3 scrolls of teleportation
 I - a scroll of enchant armour
Potions
 d - 3 potions of stabbing
 h - a potion of lignification
 i - 3 potions of flight
 k - 2 potions of brilliance
 t - a potion of magic {unknown}
 w - a potion of ambrosia {unknown}
 z - a potion of resistance {unknown}
 D - a potion of mutation
Comestibles
 c - 10 rations
 p - 6 chunks of flesh


   Skills:
 + Level 7.5(7.3) Fighting
 * Level 9.3(9.1) Axes
 + Level 6.4(6.3) Armour
 - Level 0.8(0.7) Dodging
 * Level 12.5(12.4) Invocations


You had 9 spell levels left.
You didn't know any spells.
Your spell library contained the following spells:

 Spells                   Type           Power        Failure   Level  Hunger
 Magic Dart               Conj           #...         99%         1    ##.....
 Blink                    Tloc           N/A          99%         2    ###....
 Call Imp                 Summ           #.......     99%         2    ###....
 Searing Ray              Conj           #.....       99%         2    ###....
 Slow                     Hex            #.......     99%         2    ###....
 Conjure Flame            Conj/Fire      #.......     100%        3    ####...
 Dazzling Flash           Conj/Hex       #.....       100%        3    ####...
 Mephitic Cloud           Conj/Pois/Air  #.......     100%        3    ####...
 Fulminant Prism          Conj/Hex       #.........   100%        4    #####..
 Iskenderun's Mystic Bla  Conj/Tloc      #.......     100%        4    #####..


Dungeon Overview and Level Annotations

Branches:
Dungeon (9/15)             Temple (1/1) D:5            Lair (0/6) D:8
    Orc: D:9-12

Altars:
Ashenzari
Cheibriados
Dithmenos
Elyvilon
Fedhas
Gozag
Hepliaklqana
Kikubaaqudgha
Makhleb
Nemelex Xobeh
Okawaru
Qazlal
Ru
Sif Muna
Trog
Uskayaw
Vehumet
Wu Jian
Xom
Yredelemnul
Zin
The Shining One

Annotations:
D:3 exclusion: downstairs
D:4 Sigmund
D:5 exclusion: downstairs
D:6 exclusion: downstairs
D:7 1 runed translucent door, Crazy Yiuf
D:9 Harold


Innate Abilities, Weirdness & Mutations

You have sharp toenails.
You are partially covered in yellow scales. (AC +2)
You are immune to rotting.


Message History

The hippogriff barely misses you.
The spriggan baker hits you but does no damage.
You struggle against the net.
Harold hits you from afar with a +0 halberd!!
* * * LOW HITPOINT WARNING * * *
The hippogriff bites you but does no damage.
The hippogriff pecks you.
* * * LOW HITPOINT WARNING * * *
The hippogriff claws you but does no damage.
The spriggan baker barely misses you.
Okay, then.
You shred the net and break free! The hippogriff bites you.
* * * LOW HITPOINT WARNING * * *
The hippogriff pecks you but does no damage.
The hippogriff claws you but does no damage.
The orc barely misses you.
Harold hits you from afar with a +0 halberd!!
* * * LOW HITPOINT WARNING * * *
The spriggan baker hits you with a +0 dagger.
You die...

.........# #..
.......((.# ##..
.........(####..# .
..........(....##..
..#..............
..........##...##
.......@......<.##
......ooH........#
......i@.......†.#
....#.........)..#
.. ##(..........##
##............#
..........[.....###
####..#...........#
#...#......###.#
..#####
#..#........###.#
#h.....
...###..###...##.##


You could see Harold, a hippogriff, a spriggan baker, an orc wizard and an orc.

Vanquished Creatures
  Joseph (D:7)
  2 komodo dragons (D:8)
  A troll (D:8)
  2 polar bears (D:8)
  A hippogriff (D:7)
  6 yaks (D:8)
  3 basilisks (D:8)
  Eustachio (D:3)
  Menkaure (D:7)
  An acid dragon (D:8)
  A water moccasin (D:5)
  9 ice beasts
  2 phantoms
  2 sky beasts
  A crocodile (D:8)
  2 wolves (D:8)
  6 ogres
  3 centaurs
  5 bullfrogs
  Blork the orc (D:6)
  A scorpion (D:9)
  A wyvern skeleton (D:9)
  9 wights
  An electric eel (D:8)
  3 howler monkeys (D:8)
  2 crimson imps
  2 jellies (D:8)
  4 hounds
  An orc wizard (D:6)
  A centaur skeleton (D:5)
  An orc priest (D:7)
  A bullfrog skeleton (D:4)
  An iguana (D:5)
  Ijyb (D:3)
  4 worker ants
  A killer bee zombie (D:6)
  A hound skeleton (D:4)
  4 gnolls (D:6)
  A worker ant zombie (D:9)
  12 adders
  A hound simulacrum (D:8)
  4 shadow imps
  3 white imps (D:8)
  An ufetubus (D:8)
  An ooze (D:4)
  An adder skeleton (D:4)
  2 worms
  2 dart slugs
  5 leopard geckos
  17 orcs
  8 bats
  10 giant cockroaches
  6 goblins
  10 hobgoblins
  10 jackals
  7 quokkas
  A ball python (D:5)
  5 frilled lizards
  A giant cockroach zombie (D:5)
  6 kobolds
  5 rats
209 creatures vanquished.

Vanquished Creatures (others)
  4 toadstools (D:3)
4 creatures vanquished.

Grand Total: 213 creatures vanquished

Notes
Turn   | Place    | Note
-------+----------+-------------------------------------------
     0 | Abyss:1  | dopezilla the Demonspawn Abyssal Knight began the quest for
                  | the Orb.
     0 | Abyss:1  | Reached XP level 1. HP: 18/18 MP: 2/2
     6 | D:1      | Escaped the Abyss
   387 | D:1      | Gained mutation: You have sharp toenails. [demonic
                  | ancestry]
   387 | D:1      | Reached XP level 2. HP: 22/24 MP: 4/4
   562 | D:1      | Reached skill level 3 in Invocations
   625 | D:1      | Reached ** piety under Lugonu
  1263 | D:2      | Reached XP level 3. HP: 29/29 MP: 5/5
  2340 | D:2      | Reached XP level 4. HP: 33/35 MP: 6/6
  2803 | D:3      | Reached skill level 4 in Invocations
  3528 | D:3      | Noticed Ijyb
  3547 | D:3      | Killed Ijyb
  3547 | D:3      | Reached XP level 5. HP: 37/41 MP: 8/8
  4392 | D:4      | Noticed a phantom
  4395 | D:4      | Noticed Sigmund
  4635 | D:4      | Found a sparkling altar of Nemelex Xobeh.
  4693 | D:4      | Noticed Eustachio
  4730 | D:3      | Killed Eustachio
  4730 | D:3      | Reached skill level 5 in Invocations
  4730 | D:3      | Gained mutation: You are partially covered in yellow
                  | scales. (AC +2) [demonic ancestry]
  4730 | D:3      | Reached XP level 6. HP: 13/48 MP: 9/9
  5202 | D:4      | Noticed a sky beast
  5218 | D:4      | Killed a sky beast
  5342 | D:5      | Entered Level 5 of the Dungeon
  5589 | D:5      | Found a staircase to the Ecumenical Temple.
  5595 | Temple   | Entered the Ecumenical Temple
  5694 | D:5      | Reached *** piety under Lugonu
  5850 | D:5      | Reached skill level 6 in Invocations
  5850 | D:5      | Reached XP level 7. HP: 48/54 MP: 11/11
  6931 | D:6      | Reached skill level 5 in Axes
  6931 | D:6      | Reached skill level 7 in Invocations
  7204 | D:5      | Reached XP level 8. HP: 60/61 MP: 13/13
  7271 | D:6      | Noticed Blork the orc
  7435 | D:6      | Killed Blork the orc
  7761 | D:6      | Reached skill level 5 in Fighting
  7834 | D:6      | Reached skill level 8 in Invocations
  8520 | D:7      | Noticed Menkaure
  8600 | D:7      | Killed Menkaure
  8758 | D:7      | Noticed Joseph
  8791 | D:7      | Killed Joseph
  8791 | D:7      | Reached skill level 9 in Invocations
  8791 | D:7      | Gained mutation: You are immune to rotting. [demonic
                  | ancestry]
  8791 | D:7      | Reached XP level 9. HP: 29/68 MP: 15/15
  8870 | D:6      | Reached **** piety under Lugonu
  9513 | D:7      | Reached skill level 5 in Armour
  9582 | D:7      | Found a glowing golden altar of the Shining One.
  9764 | D:6      | Reached skill level 10 in Invocations
  9907 | D:7      | Found a runed translucent door.
  9908 | D:7      | Noticed Crazy Yiuf
 10695 | D:7      | Reached skill level 11 in Invocations
 10695 | D:7      | Reached XP level 10. HP: 68/77 MP: 18/18
 11696 | D:8      | Reached ***** piety under Lugonu
 11823 | D:8      | Found a staircase to the Lair.
 11957 | D:8      | Reached skill level 12 in Invocations
 12682 | D:9      | Noticed Harold
 12695 | D:9      | HP: 2/79 [Harold/+0 halberd (19)]
 12695 | D:9      | Slain by a spriggan baker

Illustrated notes

Levels and vault maps discovered:
D:1:      dpeg_arrival_line_fractal, layout_basic, minmay_tromino_i4
D:2:      layout_loops_ring, kennysheep_small_spiral
D:3:      layout_basic, first_ration, minmay_gold_behind_fungi,
          nicolae_underground_beach, uniq_ijyb
D:4:      layout_gridville, nemelex_lonely_heart_becter, uniq_sigmund,
          uniq_eustachio
D:5:      layout_gridville, temple_green, saegor_snake_ambush
D:6:      minmay_angry_zag, layout_basic, uniq_blork_the_orc
D:7:      layout_basic, kennysheep_mini_moat, uniq_joseph,
          uniq_crazy_yiuf_cottage, uniq_menkaure
D:8:      layout_basic, erik_lair_dragon, serial_ice, serial_ice_n,
          serial_ice_l, serial_ice_e, serial_ice_c, serial_ice_o, serial_ice_b
D:9:      layout_rooms, erik_orc_1, the_bakery, uniq_harold
Temple:   grunt_wide_crystal_templ

Skill      XL: |  1  2  3  4  5  6  7  8  9 10 |
---------------+-------------------------------+-----
Axes           | 2 3 4 5 6 7 9 |  9.3
Invocations    | 3 4 5 6 7 9 11 12 | 12.5
Armour         | 2 3 4 5 6 |  6.4
Fighting       | 4 5 6 7 |  7.5
Dodging        | |  0.8

Action                   |  1- 3 |  4- 6 |  7- 9 | 10-12 || total
-------------------------+-------+-------+-------+-------++-------
Melee: Hand axe          |   115 |   181 |   301 |       ||   597
       Kick              |    18 |    66 |    79 |       ||   163
       War axe           |       |       |    97 |   239 ||   336
Throw: Stone             |     8 |    10 |       |       ||    18
       Boomerang         |       |    11 |       |       ||    11
       Dart              |       |    10 |   140 |    40 ||   190
       Throwing net      |       |       |     1 |       ||     1
Invok: Bend Space        |     1 |       |     1 |       ||     2
Evoke: Wand              |       |       |     6 |    12 ||    18
  Use: Scroll            |     7 |     4 |     8 |     2 ||    21
       Potion            |       |       |     4 |     6 ||    10
 Stab: Sleeping          |     1 |       |     1 |       ||     2
  Eat: Chunk             |     5 |     7 |     9 |     4 ||    25
       Ration            |       |     1 |     2 |     1 ||     4
Armor: Leather armour    |    18 |       |       |       ||    18
       Ring mail         |    36 |    89 |    46 |       ||   171
       Scale mail        |       |       |   142 |    18 ||   160
       Skin              |       |       |    41 |    20 ||    61
       Chain mail        |       |       |       |   220 ||   220
Dodge: Dodged            |    62 |    97 |   191 |   100 ||   450
